 Dungeon Crawl Stone Soup version 0.31.0-32-g396128a36d (webtiles) character file.

Game seed: 14775246224281433596

1785 Bobsterar the Chopper (level 8, -3/109 HPs)
             Began as a Minotaur Berserker on Mar 7, 2024.
             Was an Elder of Trog.
             Slain by an acid dragon (12 damage)
             ... on level 6 of the Dungeon on Mar 15, 2024.
             The game lasted 00:12:39 (5394 turns).

Bobsterar the Chopper (Minotaur Berserker)          Turns: 5394, Time: 00:12:40

Health: -3/109     AC:  3    Str: 23    XL:     8   Next: 81%
Magic:  7/7        EV: 10    Int:  6    God:    Trog [****..]
Gold:   402        SH:  4    Dex:  9    Spells: 7/7 levels left

rFire   . . .        a - +0 hand axe
rCold   . . .        x - +0 buckler
rNeg    . . .        n - +0 chain mail
rPois   .            (helmet restricted)
rElec   .            y - +0 cloak
rCorr   .            (no gloves)
SInv    +            (no boots)
Will    ++...        (no amulet) Stlth
                     v - ring of see invisible
HPRegen 1.38/turn    (no ring)
MPRegen 0.10/turn

%: no passive effects
@: berserking, strong-willed, corroded, regenerating, very quick
A: horns 2, retaliatory headbutt
a: Renounce Religion, Berserk, Trog's Hand, Brothers in Arms


You were on level 6 of the Dungeon.
You worshipped Trog.
Trog was greatly pleased with you.
You visited 1 branch of the dungeon, and saw 6 of its levels.
You also visited: Sewer.

You collected 402 gold pieces.

Inventory:

Hand Weapons
 a - a +0 hand axe (weapon)
Armour
 b - a +0 animal skin
 g - a +3 leather armour of poison resistance
 k - a +0 ring mail
 n - a +0 chain mail (worn)
 x - a +0 buckler (worn)
 y - a +0 cloak (worn)
Jewellery
 d - a ring of fire
 v - a ring of see invisible (left hand)
Wands
 w - a wand of flame (12)
Scrolls
 f - 2 scrolls of enchant armour
 h - 7 scrolls of teleportation
 i - 3 scrolls of noise
 l - a scroll of immolation
 m - a scroll of revelation {unknown}
 o - a scroll of torment {unknown}
 t - a scroll of amnesia {unknown}
 u - a scroll of blinking
Potions
 c - a potion of brilliance
 e - a potion of curing
 j - a potion of mutation {unknown}
 p - 5 potions of enlightenment
 q - a potion of haste {unknown}
 r - 2 potions of ambrosia {unknown}
 s - a potion of invisibility {unknown}
 z - a potion of might {unknown}


   Skills:
 + Level 7.4 Fighting
 + Level 7.5 Axes
 + Level 7.0 Armour
 + Level 6.3 Dodging
 + Level 3.5 Shields
 + Level 0.2 Evocations


You had 7 spell levels left.
You didn't know any spells.
Your spell library was empty.

Dungeon Overview and Level Annotations

Branches:
Dungeon (6/15)             Temple (0/1) D:4           Sewer (visited)

Altars:
Vehumet
Wu Jian

Shops:
D:2 :

Annotations:
D:6 2 transporters, SpockOc's ghost, novice OpSh


Innate Abilities, Weirdness & Mutations

You have a pair of horns on your head.
You reflexively headbutt those who attack you in melee.


Message History

The acid dragon spits acid at you. The splash of acid hits you!
* * * LOW HITPOINT WARNING * * *
You hear an angry growl.
You are too injured to fight recklessly!
You are too injured to fight recklessly!
You closely miss the orc priest. Your headbutt misses the orc priest.
You hit the acid dragon. You block the orc priest's attack.
The acid dragon bites you.
* * * LOW HITPOINT WARNING * * *
You block the acid dragon's attack.
You slash the orc priest! You headbutt the orc priest!
You feel the power of Trog in you as your rage grows.
You kill the orc priest!
Trog accepts your kill.
You hit the acid dragon. You closely miss the hound.
The hound attacks as it pursues you! You block the hound's attack.
Things that are here:
16 gold pieces; a +0 hand axe; an orc corpse You closely miss the hound.
The hound bites you.
* * * LOW HITPOINT WARNING * * *
You barely miss the hound. The hound bites you but does no damage.
You hit the hound.
The hound is moderately wounded.
The hound closely misses you.
You slice the hound!!
You kill the hound!
Trog accepts your kill.
Your Armour skill increases to level 7!
You slash the acid dragon!
The acid dragon is heavily wounded.
You hit the acid dragon.
The acid dragon is severely wounded.
The acid dragon spits acid at you. The splash of acid misses you.
You hear a bark!
You closely miss the acid dragon.
The acid dragon is severely wounded.
You hit the white imp but do no damage. The acid dragon bites you!
You die...

...#.......#..)).#####....###
#............#...#.##....######
###.......#......#....######...
##......#.###.....### ##..##
##.....#.......### #..###
..#.....## #.###. #.###
#.....)## #.##..
#.....#.......#####.##.#
#..5@...##.......##..
#.###D..#........#. .
#..5...###.......#y.#
..).J#...# #......©#©.# !###
#...# #.......#..# #...#
##......#.#. ....# #......##y.
###..# ##.....# .# ...#


You could see an acid dragon (catching breath) and a white imp.

Vanquished Creatures
  An ice beast (D:5)
  A black bear (D:6)
  An ogre (D:5)
  A centaur (D:5)
  2 crocodiles (Sewer)
  A phantom (D:4)
  A gnoll sergeant (D:6)
  3 scorpions
  A jelly (D:6)
  4 orc priests
  4 bombardier beetles
  4 hounds
  3 iguanas
  A sickly merfolk siren (Sewer)
  4 orc wizards
  A malarious merfolk avatar (Sewer)
  Robin (D:3)
  7 gnolls
  7 adders
  2 river rats (Sewer)
  A shadow imp (D:5)
  2 ufetubi (D:5)
  2 dart slugs (D:3)
  4 ribbon worms
  27 orcs
  A bat (D:2)
  8 endoplasms
  5 giant cockroaches
  12 goblins
  6 hobgoblins
  A jackal (D:3)
  12 kobolds
  3 quokkas
  8 ball pythons
  7 frilled lizards
  27 rats
176 creatures vanquished.

Notes
Turn   | Place    | Note
-------+----------+-------------------------------------------
     0 | D:1      | Bobsterar the Minotaur Berserker began the quest for the
                  | Orb.
     0 | D:1      | Reached XP level 1. HP: 19/19 MP: 0/0
    33 | D:1      | Found a faded altar of an unknown god.
   254 | D:1      | Reached XP level 2. HP: 27/27 MP: 1/1
   684 | D:2      | Found Wintits's Book Shoppe.
   691 | D:2      | Reached XP level 3. HP: 25/33 MP: 2/2
   941 | D:2      | Reached ** piety under Trog
   942 | D:2      | Reached XP level 4. HP: 41/41 MP: 3/3
  1471 | D:3      | Noticed a scorpion
  1482 | D:3      | Killed a scorpion
  1483 | D:3      | Reached XP level 5. HP: 16/47 MP: 4/4
  1791 | D:3      | Noticed Robin
  1823 | D:3      | Killed Robin
  1863 | D:3      | Reached skill level 5 in Fighting
  1868 | D:3      | Reached skill level 5 in Axes
  1868 | D:3      | Reached *** piety under Trog
  2145 | D:4      | Reached XP level 6. HP: 37/56 MP: 5/5
  2277 | D:4      | Found a glowing drain.
  2338 | Sewer    | Entered a sewer
  2583 | Sewer    | Reached **** piety under Trog
  2626 | Sewer    | Reached skill level 5 in Armour
  2635 | Sewer    | Reached XP level 7. HP: 8/62 MP: 6/6
  3051 | D:4      | Reached skill level 5 in Dodging
  3188 | D:4      | Found an ornate altar of the Wu Jian Council.
  3188 | D:4      | Found a radiant altar of Vehumet.
  3203 | D:4      | Found a staircase to the Ecumenical Temple.
  3802 | D:4      | Upgraded the game from 0.31.0-12-g77e489cdc1 to
                  | 0.31.0-32-g396128a36d
  3813 | D:5      | Entered Level 5 of the Dungeon
  3929 | D:5      | Reached skill level 1 in Shields
  3929 | D:5      | Reached XP level 8. HP: 32/71 MP: 7/7
  5339 | D:6      | Found a transporter.
  5339 | D:6      | Found a transporter.
  5344 | D:6      | Noticed SpockOc's ghost (novice OpSh)
  5344 | D:6      | Noticed a hornet
  5363 | D:6      | Noticed a queen bee
  5385 | D:6      | HP: 3/109 [acid dragon (4)]
  5394 | D:6      | Slain by an acid dragon

Illustrated notes

Levels and vault maps discovered:
D:1:      dpeg_arrival_round_a, layout_basic, hellmonk_ecumenical_altar_lost_god
D:2:      layout_rooms, serial_shops, shop
D:3:      layout_rooms, serial_bayou, serial_bayou_shore_a, serial_bayou_pond_b,
          serial_bayou_lake_a, serial_bayou_crossing, minivault_4, uniq_robin
D:4:      layout_loops_ring, gammafunk_temple_overflow_elements,
          minmay_temple_entry_hall, cheibrodos_sewer_entry_drain
D:5:      layout_basic
D:6:      hangedman_cross_stitches, layout_cave_pods, gammafunk_ghost_hive

Skill      XL: |  1  2  3  4  5  6  7  8 |
---------------+-------------------------+-----
Fighting       | 4 5 6 7 |  7.4
Axes           | 4 5 6 7 |  7.5
Armour         | 3 4 5 6 7 |  7.0
Dodging        | 3 4 5 6 |  6.3
Shields        | 1 3 |  3.5
Evocations     | |  0.2

Action                     |  1- 3 |  4- 6 |  7- 9 || total
---------------------------+-------+-------+-------++-------
  Melee: Hand axe          |    59 |   211 |   250 ||   520
         Headbutt          |    11 |    29 |    45 ||    85
         Punch             |     1 |     2 |     1 ||     4
 Invoke: Berserk           |       |     2 |     1 ||     3
         Trog's Hand       |       |       |     2 ||     2
    Use: Scroll            |       |     5 |     3 ||     8
         Potion            |       |       |     2 ||     2
 Armour: Leather armour    |    39 |     7 |       ||    46
         Animal skin       |     3 |       |       ||     3
         Chain mail        |       |   117 |   201 ||   318
  Dodge: Dodged            |    33 |    82 |   118 ||   233
  Block: Buckler           |       |       |    29 ||    29
